 Dungeon Crawl Stone Soup version 0.29.1-15-g9cfb28693d (webtiles) character file.

Game seed: 5156981574420372845

8496 Renzlar the Blocker (level 11, -5/89 HPs)
             Began as a Gnoll Fighter on Mar 1, 2023.
             Was a High Priest of Okawaru.
             Slain by an orc knight
             ... wielding a +3 great sword
              (19 damage)
             ... on level 9 of the Dungeon on Mar 2, 2023.
             The game lasted 00:45:21 (10689 turns).

Renzlar the Blocker (Gnoll Fighter)                Turns: 10689, Time: 00:45:22

Health: -5/89      AC: 20    Str: 21    XL:     11   Next: 31%
Magic:  20/20      EV: 15    Int:  7    God:    Okawaru [*****.]
Gold:   364        SH: 12    Dex: 11    Spells: 19/22 levels left

rFire   . . .      SeeInvis .   a - +1 war axe
rCold   . . .      Faith    .   f - +0 kite shield
rNeg    . . .      Spirit   .   B - +1 steam dragon scales
rPois   +          Reflect  .   s - +2 helmet
rElec   .          Harm     .   (no cloak)
rCorr   .          Rampage  .   m - +2 pair of gloves
Will    +....                   n - +2 pair of boots {Fly}
Stlth   +++++.....              (no amulet)
HPRegen 0.24/turn               i - ring of poison resistance
MPRegen 0.17/turn               w - ring of willpower

@: heroic, flying
A: fangs 1, strong nose, distributed training
a: Renounce Religion, Heroism, Finesse, Duel


You were on level 9 of the Dungeon.
You worshipped Okawaru.
Okawaru was extremely pleased with you.
You visited 3 branches of the dungeon, and saw 11 of its levels.
You also visited: Sewer.

You collected 551 gold pieces.
You spent 187 gold pieces at shops.

Inventory:

Hand Weapons
 a - a +1 war axe (weapon)
 b - a +3 scimitar of flaming
 c - a +0 sling
 l - a +1 trident of venom
 t - a +1 morningstar of protection
 A - a +2 dagger of speed
Missiles
 k - 5 curare-tipped darts (quivered)
 D - 11 poisoned darts
Armour
 f - a +0 kite shield (worn)
 g - a +0 scale mail
 m - a +2 pair of gloves (worn)
 n - a +2 pair of boots of flying (worn)
 s - a +2 helmet (worn)
 B - +1 steam dragon scales (worn)
 G - a +0 chain mail of cold resistance
Jewellery
 i - a ring of poison resistance (left hand)
 o - a ring of flight
 q - a +4 ring of protection
 w - a ring of willpower (right hand)
Wands
 e - a wand of flame (34)
 C - a wand of acid (6)
 E - a wand of iceblast (18)
Scrolls
 j - a scroll of fog
 p - 5 scrolls of teleportation
 u - 4 scrolls of poison
 y - 2 scrolls of fear
 H - 2 scrolls of identify
Potions
 d - a potion of might
 h - 3 potions of flight
 r - 2 potions of mutation
 v - 2 potions of curing
 x - 3 potions of heal wounds
 z - 2 potions of haste


   Skills:
 + Level 9.2(14.2) Fighting
 + Level 6.4(11.4) Short Blades
 + Level 6.4(11.4) Long Blades
 + Level 8.0(13.0) Axes
 + Level 6.4(11.4) Maces & Flails
 + Level 6.4(11.4) Polearms
 + Level 6.4(11.4) Staves
 + Level 6.4(11.4) Ranged Weapons
 + Level 6.4(11.4) Throwing
 + Level 9.2(14.2) Armour
 + Level 6.4(11.4) Dodging
 + Level 6.4(11.4) Stealth
 + Level 9.2(14.2) Shields
 + Level 6.4(11.4) Unarmed Combat
 + Level 6.4 Spellcasting
 + Level 5.3 Conjurations
 + Level 5.3 Hexes
 + Level 5.3 Summonings
 + Level 5.3 Necromancy
 + Level 5.3 Translocations
 + Level 5.3 Transmutations
 + Level 5.3 Fire Magic
 + Level 5.3 Ice Magic
 + Level 5.3 Air Magic
 + Level 5.3 Earth Magic
 + Level 5.3 Poison Magic
 + Level 7.0 Invocations
 + Level 6.4 Evocations


You had 19 spell levels left.
You knew the following spells:

 Your Spells              Type           Power      Damage    Failure   Level
a - Portal Projectile     Hex/Tloc       18%        N/A       14%         3

Your spell library contained the following spells:

 Spells                   Type           Power      Damage    Failure   Level
 Ensorcelled Hibernation  Hex/Ice        18%        N/A       8%          2
 Passwall                 Tmut/Erth      7%         N/A       8%          2
 Gell's Gravitas          Tloc           9%         N/A       14%         3
 Lesser Beckoning         Tloc           9%         N/A       14%         3
 Stone Arrow              Conj/Erth      18%        3d8       14%         3
 Swiftness                Air            9%         N/A       14%         3
 Teleport Other           Tloc           9%         N/A       14%         3
 Blade Hands              Tmut           4%         N/A       80%         5
 Lehudib's Crystal Spear  Conj/Erth      4%         10d3      100%        8
 Tukima's Dance           Hex            Unusable   N/A       N/A         3
 Animate Armour           Summ/Erth      Unusable   N/A       N/A         4

Dungeon Overview and Level Annotations

Branches:
Dungeon (9/15)             Temple (1/1) D:6             Orc (1/2) D:9
  Sewer (visited)
   Lair: D:8-11

Altars:
Ashenzari
Cheibriados
Dithmenos
Elyvilon
Fedhas
Gozag
Hepliaklqana
Kikubaaqudgha
Makhleb
Nemelex Xobeh
Okawaru
Qazlal
Ru
Sif Muna
Trog
Uskayaw
Vehumet
Wu Jian
Xom
Yredelemnul
Zin
The Shining One

Shops:
D:2 [   D:5 [=*?

Annotations:
D:1 1 transporter


Innate Abilities, Weirdness & Mutations

You have very sharp teeth.
Your uncanny sense of smell can sniff out nearby items.
Your experience applies equally to all skills.


Message History

You barely miss the orc knight.
The orc knight is moderately wounded.
You barely miss something. The orc knight closely misses you.
Something closely misses you.
You closely miss the orc knight.
The orc knight is moderately wounded.
You slash something! Okawaru accepts your kill.
Reactivating autopickup.
You feel a bit more experienced.
The orc knight hits you with a +3 great sword.
You hit the orc knight but do no damage.
The orc knight is moderately wounded.
The orc knight hits you with a +3 great sword.
You slash the orc knight! Your bite misses the orc knight.
The orc knight is moderately wounded.
The orc knight hits you with a +3 great sword!
You closely miss the orc knight.
The orc knight is moderately wounded.
You block the orc knight's attack.
You closely miss the orc knight.
The orc knight is moderately wounded.
The orc knight hits you with a +3 great sword.
You slice the orc knight!! Your bite misses the orc knight.
The orc knight is severely wounded.
The orc knight hits you but does no damage.
You hit the orc knight but do no damage.
The orc knight is severely wounded.
The orc knight hits you with a +3 great sword!
* * * LOW HITPOINT WARNING * * *
Unknown command.
You completely miss the orc knight.
The orc knight is heavily wounded.
You slash the orc knight!
The orc knight is severely wounded.
The orc knight barely misses you.
You closely miss the orc knight.
The orc knight is severely wounded.
The orc knight hits you with a +3 great sword!!
You die...

#.......# #######.## #..#
## #### ##+.### .###
#..####.....####
.'.#####..#...[.8.....#
.#..))##..#...........##
.####).#.........o.....##
<# ##.'...8...)@)...8..#
.# ###.......)[.......#
## ####...........#.#
#.....8.....#.#
####.....####.#
##########.##'##..#
#................##
#..............###
#..............#


You could see an orc knight.

Vanquished Creatures
  A boulder beetle (D:7)
  Erica (D:9)
  A two-headed ogre (D:9)
  Pikel (D:7)
  Maggie (D:8)
  Psyche (D:8)
  A troll (D:9)
  Sigmund (D:4)
  12 yaks (D:9)
  A wyvern (D:8)
  4 orc warriors
  5 centaurs
  3 phantoms
  A lemure (D:7)
  4 kobold brigands
  7 bullfrogs
  2 scorpions
  2 necrophages (D:8)
  2 gnoll sergeants
  6 killer bees (D:8)
  5 howler monkeys (D:7)
  A lava snake (D:9)
  5 hounds
  A gnoll bouda (D:8)
  A jelly (D:5)
  2 orc priests
  4 iguanas
  5 orc wizards
  16 adders
  17 gnolls
  2 river rats (Sewer)
  2 shadow imps (D:6)
  2 white imps
  An ufetubus (D:4)
  8 worms
  4 dart slugs
  25 orcs
  11 ball pythons
  5 bats
  13 endoplasms
  6 giant cockroaches
  7 goblins
  11 hobgoblins
  12 jackals
  19 kobolds
  A quokka (D:1)
  3 frilled lizards
  6 rats
252 creatures vanquished.

Vanquished Creatures (others)
  An orc (Orc:1)
1 creature vanquished.

Grand Total: 253 creatures vanquished

Notes
Turn   | Place    | Note
-------+----------+-------------------------------------------
     0 | D:1      | Renzlar the Gnoll Fighter began the quest for the Orb.
     0 | D:1      | Reached XP level 1. HP: 23/23 MP: 1/1
   225 | D:1      | Reached XP level 2. HP: 28/29 MP: 2/2
   517 | D:1      | Reached XP level 3. HP: 34/35 MP: 3/3
   770 | D:1      | Reached skill level 1 in Invocations
  1188 | D:2      | Reached skill level 1 in Short Blades
  1188 | D:2      | Reached skill level 1 in Long Blades
  1188 | D:2      | Reached skill level 1 in Maces & Flails
  1188 | D:2      | Reached skill level 1 in Polearms
  1188 | D:2      | Reached skill level 1 in Staves
  1188 | D:2      | Reached skill level 1 in Ranged Weapons
  1188 | D:2      | Reached skill level 1 in Throwing
  1188 | D:2      | Reached skill level 1 in Dodging
  1188 | D:2      | Reached skill level 1 in Stealth
  1188 | D:2      | Reached skill level 1 in Unarmed Combat
  1188 | D:2      | Reached skill level 1 in Spellcasting
  1188 | D:2      | Reached skill level 1 in Evocations
  1315 | D:2      | Reached XP level 4. HP: 41/41 MP: 5/5
  1325 | D:2      | Reached skill level 1 in Conjurations
  1325 | D:2      | Reached skill level 1 in Hexes
  1325 | D:2      | Reached skill level 1 in Summonings
  1325 | D:2      | Reached skill level 1 in Necromancy
  1325 | D:2      | Reached skill level 1 in Translocations
  1325 | D:2      | Reached skill level 1 in Transmutations
  1325 | D:2      | Reached skill level 1 in Fire Magic
  1325 | D:2      | Reached skill level 1 in Ice Magic
  1325 | D:2      | Reached skill level 1 in Air Magic
  1325 | D:2      | Reached skill level 1 in Earth Magic
  1325 | D:2      | Reached skill level 1 in Poison Magic
  1579 | D:2      | Found Qobril's Antique Armour Shop.
  2164 | D:2      | Reached XP level 5. HP: 47/47 MP: 7/7
  2293 | D:3      | Found a faded altar of an unknown god.
  2449 | D:3      | Found a sparkling altar of Nemelex Xobeh.
  2797 | D:2      | Bought a pair of runed boots for 187 gold pieces
  3208 | D:4      | Found a white marble altar of Elyvilon.
  3282 | D:4      | Noticed a phantom
  3290 | D:4      | Killed a phantom
  3291 | D:4      | Reached skill level 5 in Axes
  3291 | D:4      | Reached XP level 6. HP: 52/53 MP: 7/9
  3341 | D:4      | Found a sacrificial altar of Ru.
  3353 | D:4      | You are sucked into a shaft and drop 1 floor!
  3353 | D:5      | Entered Level 5 of the Dungeon
  3353 | D:5      | Found Raofeon's Armour Boutique.
  3355 | D:5      | Found Bauhuipt's Jewellery Emporium.
  3461 | D:4      | Noticed Sigmund
  3468 | D:4      | Killed Sigmund
  3469 | D:4      | Reached XP level 7. HP: 60/60 MP: 10/10
  3969 | D:4      | Found a snail-covered altar of Cheibriados.
  4156 | D:5      | Found Roigymed's Assorted Antiques.
  4243 | D:5      | Found Estrow Oree's Magic Scroll Shoppe.
  4324 | D:5      | Reached XP level 8. HP: 54/67 MP: 12/12
  4648 | D:6      | Found an opulent altar of Gozag.
  4756 | D:6      | Found a staircase to the Ecumenical Temple.
  4763 | Temple   | Entered the Ecumenical Temple
  4911 | Temple   | Became a worshipper of Warmaster Okawaru
  4941 | D:6      | Found a glowing drain.
  4981 | Sewer    | Entered a sewer
  6069 | D:7      | Reached * piety under Okawaru
  6071 | D:7      | Reached XP level 9. HP: 68/73 MP: 14/14
  6098 | D:7      | Noticed Pikel
  6116 | D:7      | Killed Pikel
  6327 | D:6      | Reached ** piety under Okawaru
  6627 | D:7      | Reached skill level 5 in Invocations
  7057 | D:7      | Noticed a boulder beetle
  7078 | D:7      | Killed a boulder beetle
  7078 | D:7      | Reached *** piety under Okawaru
  7079 | D:7      | Reached skill level 5 in Short Blades
  7079 | D:7      | Reached skill level 5 in Long Blades
  7079 | D:7      | Reached skill level 5 in Maces & Flails
  7079 | D:7      | Reached skill level 5 in Polearms
  7079 | D:7      | Reached skill level 5 in Staves
  7079 | D:7      | Reached skill level 5 in Ranged Weapons
  7079 | D:7      | Reached skill level 5 in Throwing
  7079 | D:7      | Reached skill level 5 in Dodging
  7079 | D:7      | Reached skill level 5 in Stealth
  7079 | D:7      | Reached skill level 5 in Unarmed Combat
  7079 | D:7      | Reached skill level 5 in Spellcasting
  7079 | D:7      | Reached skill level 5 in Evocations
  7079 | D:7      | Reached XP level 10. HP: 51/81 MP: 15/17
  7580 | D:8      | Noticed Psyche
  7589 | D:8      | Killed Psyche
  7660 | D:8      | Noticed Maggie
  7671 | D:8      | Killed Maggie
  7689 | D:8      | Learned a level 3 spell: Portal Projectile
  7954 | D:8      | Reached **** piety under Okawaru
  8137 | D:8      | Found a bloodstained altar of Trog.
  8220 | D:8      | Found a shadowy altar of Dithmenos.
  8593 | D:9      | Found a staircase to the Orcish Mines.
  9003 | D:9      | Received a gift from Okawaru
  9298 | D:9      | Reached skill level 5 in Conjurations
  9298 | D:9      | Reached skill level 5 in Hexes
  9298 | D:9      | Reached skill level 5 in Summonings
  9298 | D:9      | Reached skill level 5 in Necromancy
  9298 | D:9      | Reached skill level 5 in Translocations
  9298 | D:9      | Reached skill level 5 in Transmutations
  9298 | D:9      | Reached skill level 5 in Fire Magic
  9298 | D:9      | Reached skill level 5 in Ice Magic
  9298 | D:9      | Reached skill level 5 in Air Magic
  9298 | D:9      | Reached skill level 5 in Earth Magic
  9298 | D:9      | Reached skill level 5 in Poison Magic
  9298 | D:9      | Reached XP level 11. HP: 83/89 MP: 20/20
  9310 | D:9      | Reached ***** piety under Okawaru
  9695 | D:9      | Noticed Erica
  9718 | D:9      | Killed Erica
  9718 | D:9      | Received a gift from Okawaru
 10017 | D:9      | Found a glowing silver altar of Zin.
 10017 | D:9      | Found a shimmering altar of Xom.
 10017 | D:9      | Noticed an angel
 10147 | Orc:1    | Entered Level 1 of the Orcish Mines
 10147 | Orc:1    | Noticed an orc knight
 10147 | Orc:1    | Noticed an orc sorcerer
 10221 | Orc:1    | Noticed a two-headed ogre
 10311 | D:9      | Killed a two-headed ogre
 10313 | D:9      | HP: 4/89 [troll[an orc knight] (11)]
 10314 | D:9      | Received a gift from Okawaru
 10666 | Orc:1    | Noticed an orc knight
 10689 | D:9      | Slain by an orc knight

Illustrated notes

Levels and vault maps discovered:
D:1:      spicycebolla_arrival_transporter_tutorial, layout_basic,
          serial_park_tiny_pond
D:2:      layout_basic, serial_shops, shop, kennysheep_generic_room_2
D:3:      layout_basic, nemelex_altar_shiori, dreamdust_ecumenical_altar_statues
D:4:      layout_loops_cross, nicolae_ru_sacrificial_ziggurat,
          mainiacjoe_overflow_catch_the_wave, uniq_sigmund
D:5:      layout_rooms, serial_shops, nicolae_shop_trees,
          nicolae_shop_statue_plus, shop, shop_statue
D:6:      layout_cave_pools, grunt_gozag_breadcrumbs,
          minmay_temple_entry_slanted, gup_sewer_entry_glass
D:7:      layout_gridville, minmay_misc_feat_enclosed, uniq_pikel
D:8:      layout_basic, grunt_dithmenos_shadows, bloody_trog,
          wad_floor_pattern_1, uniq_psyche, uniq_maggie
D:9:      layout_roguey, grunt_temple_overflow_order_and_chaos_1, david_orc_2,
          kennysheep_path_1, uniq_erica
Temple:   nicolae_temple_god_jail
Orc:1:    layout_caves, nicolae_orc_bridge_out

Skill      XL: |  1  2  3  4  5  6  7  8  9 10 11 |
---------------+----------------------------------+-----
Invocations    | 1 2 3 4 5 6 7 |  7.0
Short Blades   | 1 2 3 5 6 |  6.4
Long Blades    | 1 2 3 5 6 |  6.4
Maces & Flails | 1 2 3 5 6 |  6.4
Polearms       | 1 2 3 5 6 |  6.4
Staves         | 1 2 3 5 6 |  6.4
Ranged Weapons | 1 2 3 5 6 |  6.4
Throwing       | 1 2 3 5 6 |  6.4
Dodging        | 1 2 3 5 6 |  6.4
Stealth        | 1 2 3 5 6 |  6.4
Unarmed Combat | 1 2 3 5 6 |  6.4
Spellcasting   | 1 2 3 5 6 |  6.4
Evocations     | 1 2 3 5 6 |  6.4
Conjurations   | 1 2 3 4 5 |  5.3
Hexes          | 1 2 3 4 5 |  5.3
Summonings     | 1 2 3 4 5 |  5.3
Necromancy     | 1 2 3 4 5 |  5.3
Translocations | 1 2 3 4 5 |  5.3
Transmutations | 1 2 3 4 5 |  5.3
Fire Magic     | 1 2 3 4 5 |  5.3
Ice Magic      | 1 2 3 4 5 |  5.3
Air Magic      | 1 2 3 4 5 |  5.3
Earth Magic    | 1 2 3 4 5 |  5.3
Poison Magic   | 1 2 3 4 5 |  5.3
Axes           | 5 6 7 8 |  8.0
Fighting       | 7 8 9 |  9.2
Armour         | 7 8 9 |  9.2
Shields        | 7 8 9 |  9.2

Action                   |  1- 3 |  4- 6 |  7- 9 | 10-12 || total
-------------------------+-------+-------+-------+-------++-------
Melee: War axe           |   143 |   115 |   173 |   258 ||   689
       Bite              |    11 |     8 |    35 |    41 ||    95
       Hand axe          |       |       |   168 |    43 ||   211
       Dagger            |       |       |       |     5 ||     5
       Scimitar          |       |       |       |    14 ||    14
       Morningstar       |       |       |       |    13 ||    13
 Fire: Sling             |       |     3 |    68 |    33 ||   104
Throw: Dart              |       |       |     4 |     4 ||     8
       Throwing net      |       |       |       |     2 ||     2
Invok: Heroism           |       |       |     2 |     5 ||     7
Evoke: Wand              |       |       |       |     4 ||     4
  Use: Scroll            |     3 |     6 |    12 |     2 ||    23
       Potion            |       |     1 |     2 |     1 ||     4
 Stab: Sleeping          |       |       |       |     2 ||     2
       Held in net/web   |       |       |       |     1 ||     1
Armor: Scale mail        |    65 |    41 |   194 |    30 ||   330
       Steam dragon scal |       |       |       |   106 ||   106
Dodge: Dodged            |    65 |    36 |   163 |   160 ||   424
Block: Buckler           |    40 |    13 |       |       ||    53
       Kite shield       |       |    37 |   199 |   196 ||   432
